 Dungeon Crawl Stone Soup version 0.19-a0-675-gf8984cf (webtiles) character file.

106812 epen the Bewitcher (level 15, -1/77 HPs)
             Began as a Spriggan Enchanter on June 16, 2016.
             Was an Initiate of Gozag.
             Shot with a bolt by Vashnia (36 damage)
             ... on level 2 of the Snake Pit.
             The game lasted 01:37:10 (37009 turns).

epen the Bewitcher (Spriggan Enchanter)            Turns: 37009, Time: 01:37:21

Health: -1/77      AC:  9    Str:  7    XL:     15   Next: 98%
Magic:  33/40      EV: 34    Int: 18    God:    Gozag
Gold:   2776       SH: 14    Dex: 28    Spells: 5 memorised, 25 levels left

rFire  + + +     SeeInvis +     v - +5 quick blade
rCold  . . .     Gourm    .     b - +2 robe {rF+}
rNeg   + + +     Faith    .     A - +1 buckler {AC+3}
rPois  +         Spirit   .     (helmet restricted)
rElec  .         Dismiss  .     E - +1 cloak
rCorr  .         Reflect  +     (gloves unavailable)
SustAt .         Harm     .     (boots unavailable)
MR     +++..     Clarity  +     k - +4 amulet of reflection
Stlth  ++++++++..               s - ring "Urgheefop" {*Confuse rF+++ rN+++ MR+ Slay+5}
                                I - ring of Cowardice {rPois rF+ MP+9 Str+3 Dex+4}

@: very quick, extremely resistant to hostile enchantments, extraordinarily
stealthy
A: unfitting armour, thin skeletal structure 1, see invisible, clarity,
herbivore 3, speed 3, slow metabolism 2, subdued magic 1
a: Potion Petition, Call Merchant, Bribe Branch, Renounce Religion


You were on level 2 of the Snake Pit.
You worshipped Gozag.
Gozag was noncommittal.
You were not hungry.

You visited 5 branches of the dungeon, and saw 26 of its levels.
You also visited: Labyrinth.

You collected 9068 gold pieces.
You spent 1792 gold pieces at shops.
You paid 4500 gold pieces to Gozag.

Inventory:

Hand Weapons
 a - a +0 blowgun
 v - a +5 quick blade (weapon)
Missiles
 e - 4 needles of paralysis
 r - 6 throwing nets (quivered)
 y - 4 curare-tipped needles
 C - 46 poisoned needles
Armour
 b - a +2 robe of fire resistance (worn)
 A - a +1 buckler of protection (worn)
 E - a +1 cloak (worn)
Jewellery
 f - an uncursed ring of protection from cold
 k - a +4 amulet of reflection (around neck)
 s - the ring "Urgheefop" (right hand) {*Confuse rF+++ rN+++ MR+ Slay+5}
   (You found it in a labyrinth)

   [ring of slaying]

   It affects your accuracy and damage with ranged weapons and melee attacks
   (+5).
   It renders you almost immune to fire.
   It renders you almost immune to negative energy.
   It affects your resistance to hostile enchantments.
   It may confuse you when you take damage.
 t - a +2 ring of protection
 u - an uncursed amulet of regeneration
 I - the ring of Cowardice (left hand) {rPois rF+ MP+9 Str+3 Dex+4}
   (You bought it in a shop on level 12 of the Dungeon)

   [ring of poison resistance]

   It affects your strength (+3).
   It affects your dexterity (+4).
   It protects you from fire.
   It protects you from poison.
   It affects your magic capacity (+9).
 Z - an uncursed ring of magical power
Wands
 K - a wand of iceblast (3/15)
 N - a wand of lightning (4/15)
 V - a wand of digging (15/24)
Scrolls
 h - 2 scrolls of remove curse
 j - 4 scrolls of recharging
 l - 12 scrolls of teleportation
 n - 5 scrolls of fear
 o - a scroll of magic mapping
 w - 2 scrolls of silence
 B - 6 scrolls of blinking
 G - a scroll of enchant armour
 J - a scroll of enchant weapon
 P - a scroll of fog
 Q - 5 scrolls of identify
 X - 2 scrolls of summoning
Potions
 g - a potion of resistance
 i - 15 potions of curing
 m - a potion of flight
 p - 6 potions of brilliance
 q - 2 potions of magic
 z - 5 potions of heal wounds
 D - a potion of cancellation
 L - 2 potions of agility
 M - 4 potions of invisibility
 R - 2 potions of might
 U - a potion of ambrosia
 W - 2 potions of berserk rage
Books
 x - a Grand Grimoire

   Spells                             Type                      Level
   a - Monstrous Menagerie            Summoning                    7
   b - Summon Greater Demon           Summoning                    7
   c - Malign Gateway                 Summoning/Translocation      7
   d - Summon Horrible Things         Summoning                    8
 F - a book of Dreams

   Spells                             Type                      Level
   a - Ensorcelled Hibernation        Hexes/Ice                    2
   b - Silence                        Hexes/Air                    5
   c - Darkness                       Hexes                        6
   d - Shadow Creatures               Summoning                    6
Miscellaneous
 c - a box of beasts
 T - a phial of floods
Comestibles
 d - 7 bread rations
 H - 4 fruits
 O - 4 slices of pizza
 Y - a royal jelly


   Skills:
 + Level 8.0 Fighting
 + Level 11.0 Short Blades
 + Level 5.5 Throwing
 + Level 14.0 Dodging
 + Level 15.0 Stealth
 * Level 3.6 Shields
 + Level 11.7 Spellcasting
 + Level 6.9 Conjurations
 * Level 16.0 Hexes
 + Level 5.6 Translocations
 + Level 8.9 Evocations


You had 25 spell levels left.
You knew the following spells:

 Your Spells              Type           Power        Failure   Level  Hunger
b - Ensorcelled Hibernat  Hex/Ice        ####..       1%          2    None
c - Confuse               Hex            ######..     0%          3    None
d - Tukima's Dance        Hex            ######..     0%          3    None
e - Dazzling Spray        Conj/Hex       #####.       1%          3    None
f - Apportation           Tloc           ###.......   1%          1    None


Dungeon Overview and Level Annotations

Branches:
Dungeon (15/15)            Temple (1/1) D:6            Lair (6/6) D:11
  Swamp (0/4) Lair:3        Snake (2/4) Lair:2        Slime (0/5) Lair:5
    Orc (2/2) D:12            Elf (0/3) Orc:2        Vaults (0/5) D:14
 Depths (0/5) D:15

Altars:
Ashenzari
Cheibriados
Dithmenos
Elyvilon
Fedhas
Gozag
Hepliaklqana
Kikubaaqudgha
Makhleb
Nemelex Xobeh
Okawaru
Pakellas
Qazlal
Ru
Sif Muna
Trog
Uskayaw
Vehumet
Xom
Yredelemnul
Zin
The Shining One
Beogh
Jiyva

Shops:
D:4 ([   D:12 =?[*::   D:14 !   Orc:2 *!=?

Portals:
Hell: Lair:6
Ice
Cave: Snake:2

Annotations:
D:15 Agnes
Lair:5 1 runed door
Snake:2 Vashnia


Innate Abilities, Weirdness & Mutations

You are tiny and cannot use many weapons and most armour.
You have supernaturally acute eyesight. (SInv)
You are a herbivore.
You cover ground extremely quickly.
You need consume almost no food.
You have a somewhat thin skeletal structure. (Dex +2, Stealth)
You possess an exceptional clarity of mind.
Your spells are a little easier to cast, but a little less powerful.


Message History

Vashnia is lightly wounded.
Vashnia unwields an uncursed flail of venom.
It stops dripping with poison.
Vashnia wields a glowing arbalest.
It bursts into flame!
Vashnia mumbles some strange words.
Vashnia magically shoots a bolt.
The bolt hits you!! The bolt burns you.
You see here 2 bolts.
Casting: Dazzling Spray
Confirm with . or Enter, or press ? or * to list all spells.
Aiming: Dazzling Spray
Press: ? - help, Shift-Dir - straight line, f/p - Vashnia
Aim: Vashnia, wielding an arbalest of flaming and wearing a glowing naga barding (lightly wounded, shrouded)
The spray of energy hits Vashnia.
Vashnia is lightly wounded.
The naga sharpshooter is no longer blind.
The naga sharpshooter mumbles some strange words.
The naga sharpshooter magically shoots an arrow.
The arrow hits you!
Vashnia shoots a bolt.
The bolt hits you!!!
You die...
Your body crumbles into a pile of gold.

,**,,,*,#N#.#.##*#.##
,***,,.*.#.#N..##...#**
,,**,**.#.#.......#*,,##
,,,,,**#...##.N..##**#.#*
,,,,,* ###..#N..##
*#.#,** ,**,,* #..#.N##
##.#**,* ****,** #...N.#
##..# ***
****,,####...NN###..#*
,,,,,,..#...##.(@..##
,,,,,,.....#*###...#
**,,,,.....## ##..#
**,,,,..##..# ##..##
*,,,,.#*#..####....#
*,,,,** *#..#...####
*,,$** ##.....## **,,**
*#....### *,,,* *#...#..#


You could see Vashnia and 2 naga sharpshooters.

Vanquished Creatures
  Rupert (Snake:1)
  An orc warlord (D:12)
  The ghost of hypermopl the Cruncher, a journeyman TeWn of Yredelemnul (D:12)
  A stone giant (Orc:2)
  Nessos (Lair:4)
  A dire elephant (Lair:6)
  Snorg (Lair:5)
  A minotaur (Lab)
  A fire dragon (D:14)
  7 hydras
  Harold (Lair:1)
  The ghost of tstbtto the Cleaver, a journeyman CeBe of Trog (Lair:2)
  3 naga warriors (Snake:1)
  Erica (Lair:1)
  3 anacondas
  An anaconda (shapeshifter) (D:14)
  A death knight (D:14)
  9 death yaks
  An orc high priest (Orc:2)
  A naga sharpshooter (Snake:1)
  The ghost of Tungsten the Cleaver, a journeyman VSFi (D:10)
  Nergalle (Lair:1)
  2 shock serpents (Snake:1)
  A skeletal warrior (D:15)
  A sun demon (Lair:6)
  A wizard (Lair:6)
  A naga ritualist (Snake:1)
  4 hill giants
  6 orc knights
  A swamp dragon (shapeshifter) (D:15)
  A golden dragon skeleton (D:15)
  A shadow dragon zombie (D:15)
  A necromancer (D:15)
  A phantasmal warrior (D:15)
  2 mana vipers
  9 orc sorcerers
  5 ugly things
  A wolf spider (shapeshifter) (D:13)
  3 salamanders
  2 deep elf magi (D:13)
  3 griffons
  4 cyclopes
  A sixfirhy (Lair:6)
  A manticore (D:14)
  12 black mambas
  4 elephants (Lair:6)
  Joseph (D:9)
  A guardian serpent (shapeshifter) (D:14)
  A guardian serpent (Snake:1)
  5 orange demons (Lair:6)
  6 naga magi (Snake:1)
  2 gargoyles
  14 spiny frogs
  3 rime drakes
  3 kobold demonologists (D:12)
  2 freezing wraiths (D:14)
  8 komodo dragons
  A guardian mummy (D:15)
  A hellwing (Lair:6)
  3 ice devils (Lair:6)
  A red devil (Lair:6)
  A merfolk (D:10)
  A troll (D:11)
  2 two-headed ogres
  A polar bear (Lair:5)
  10 blink frogs
  A spriggan zombie (D:15)
  An ettin zombie (D:15)
  3 wraiths
  2 shadows
  2 centaur simulacra (D:15)
  2 vampires
  A fire elemental (Lair:4)
  2 wyverns
  31 yaks
  4 basilisks
  5 hungry ghosts
  11 vampire mosquitoes
  17 hippogriffs
  8 wargs
  2 mottled dragons
  7 nagas (Snake:1)
  11 water moccasins
  41 orc warriors
  10 porcupines
  A wasp (D:8)
  3 ice beasts
  5 sky beasts
  A black bear (D:6)
  4 phantoms
  A necrophage (D:11)
  6 ogres
  10 wolves
  15 centaurs
  12 crocodiles
  3 big kobolds
  21 giant frogs
  2 gnoll sergeants
  2 wyvern skeletons
  6 scorpions
  12 wights
  9 killer bees
  4 howler monkeys
  2 vampire bats (D:3)
  An electric eel (Lair:3)
  3 crimson imps
  3 centaur zombies
  A giant frog zombie (D:13)
  A wasp zombie (D:10)
  3 jellies
  6 centaur skeletons
  4 gnoll shamans
  8 hounds
  22 orc priests
  3 giant frog skeletons
  40 orc wizards
  Terence (D:2)
  8 iguanas
  6 worker ants
  12 hell rats
  18 sheep
  2 hound zombies
  3 hound skeletons
  46 gnolls
  15 adders
  47 river rats
  5 shadow imps
  4 oozes
  An adder skeleton (D:4)
  An adder zombie (D:7)
  4 worms
  2 dart slugs
  2 giant geckos
  108 orcs
  4 bats
  3 bat skeletons (D:3)
  2 bat zombies (D:3)
  8 giant cockroaches
  14 goblins
  3 hobgoblins
  27 jackals
  3 quokkas
  A giant gecko skeleton (D:6)
  6 giant newts
  A jackal skeleton (D:5)
  14 kobolds
  10 rats
  2 fungi (Lair:5)
  A plant (Lair:5)
934 creatures vanquished.

Vanquished Creatures (collateral kills)
  A killer bee (D:8)
1 creature vanquished.

Vanquished Creatures (others)
  A naga sharpshooter (Snake:1)
  An orc (Orc:2)
  9 fungi
  3 plants (Lair:6)
14 creatures vanquished.

Grand Total: 949 creatures vanquished

Notes
Turn   | Place    | Note
--------------------------------------------------------------
     0 | D:1      | epen the Spriggan Enchanter began the quest for the Orb.
     0 | D:1      | Reached XP level 1. HP: 9/9 MP: 5/5
   193 | D:1      | Reached XP level 2. HP: 9/13 MP: 2/6
   227 | D:1      | Learned a level 2 spell: Ensorcelled Hibernation
   306 | D:1      | Found a sparkling altar of Nemelex Xobeh.
   572 | D:1      | Reached skill level 4 in Hexes
   648 | D:1      | Reached XP level 3. HP: 6/17 MP: 1/8
   653 | D:1      | Learned a level 3 spell: Confuse
   973 | D:1      | Reached skill level 5 in Stealth
  1284 | D:2      | Noticed Terence
  1293 | D:2      | Killed Terence
  1293 | D:2      | Reached skill level 1 in Fighting
  1304 | D:2      | Reached XP level 4. HP: 21/22 MP: 3/9
  2175 | D:3      | Learned a level 3 spell: Tukima's Dance
  2279 | D:3      | Reached XP level 5. HP: 13/25 MP: 0/10
  3137 | D:3      | Reached skill level 5 in Hexes
  3152 | D:3      | Reached XP level 6. HP: 20/30 MP: 6/12
  4492 | D:3      | Reached skill level 5 in Dodging
  4601 | D:3      | Reached XP level 7. HP: 26/33 MP: 0/14
  5462 | D:3      | Found an ancient bone altar of Kikubaaqudgha.
  5605 | D:4      | Reached skill level 5 in Spellcasting
  5633 | D:4      | Found a blossoming altar of Fedhas.
  5682 | D:4      | Reached skill level 6 in Hexes
  5717 | D:4      | Found Daegegar's Armour Shoppe.
  5752 | D:4      | Found Puar's Weapon Shop.
  6184 | D:4      | Reached XP level 8. HP: 35/39 MP: 6/16
  6436 | D:4      | Found a glowing silver altar of Zin.
  6436 | D:4      | Found a basalt altar of Yredelemnul.
  6518 | D:5      | Entered Level 5 of the Dungeon
  7241 | D:5      | Found an iron altar of Okawaru.
  7383 | D:5      | Reached skill level 7 in Hexes
  7661 | D:5      | Learned a level 3 spell: Dazzling Spray
  7860 | D:6      | Found a staircase to the Ecumenical Temple.
  7927 | Temple   | Entered the Ecumenical Temple
  7934 | Temple   | Became a worshipper of Gozag Ym Sagoz the Greedy
  8358 | D:6      | Reached skill level 5 in Short Blades
  8358 | D:6      | Reached XP level 9. HP: 21/43 MP: 9/19
  8362 | D:6      | Reached skill level 1 in Conjurations
  8385 | D:6      | Reached skill level 8 in Hexes
 10128 | D:8      | Reached skill level 9 in Hexes
 10584 | D:9      | Noticed Joseph
 10593 | D:9      | Killed Joseph
 10593 | D:9      | Reached XP level 10. HP: 47/49 MP: 18/22
 11316 | D:10     | Entered Level 10 of the Dungeon
 11382 | D:10     | Reached skill level 10 in Stealth
 11730 | D:10     | Noticed Tungsten's ghost (journeyman VSFi)
 11903 | D:10     | Killed Tungsten's ghost
 11903 | D:10     | Reached skill level 10 in Hexes
 12607 | D:11     | Found a staircase to the Lair.
 12646 | D:11     | Reached XP level 11. HP: 31/54 MP: 1/24
 12887 | Lair:1   | Entered Level 1 of the Lair of Beasts
 13298 | D:11     | Reached skill level 11 in Hexes
 13352 | D:11     | Reached skill level 5 in Fighting
 13813 | D:12     | Found a staircase to the Orcish Mines.
 13815 | D:12     | Found Qurhyu Ugee's Armour Shoppe.
 13879 | D:12     | Learned a level 1 spell: Apportation
 14006 | D:12     | Noticed hypermopl's ghost (journeyman TeWn)
 14036 | D:12     | Killed hypermopl's ghost
 14036 | D:12     | Reached skill level 10 in Dodging
 14120 | D:12     | Noticed a hill giant
 14127 | D:12     | Killed a hill giant
 14244 | D:12     | Reached skill level 1 in Evocations
 14511 | D:12     | Identified a scroll of acquirement
 14887 | D:13     | Reached skill level 12 in Hexes
 15048 | D:13     | Noticed a white ugly thing
 15056 | D:13     | Noticed a deep elf mage
 15244 | Lair:1   | Noticed Nergalle
 15257 | Lair:1   | Killed Nergalle
 15264 | Lair:1   | Noticed Harold
 15291 | Lair:1   | Killed Harold
 15291 | Lair:1   | Reached XP level 12. HP: 60/60 MP: 17/26
 15710 | Lair:1   | Noticed Erica
 15717 | Lair:1   | Killed Erica
 16062 | Lair:2   | Noticed tstbtto's ghost (journeyman CeBe)
 16440 | Lair:2   | Found a staircase to the Snake Pit.
 16696 | Lair:2   | Noticed a seven-headed hydra
 16744 | Lair:2   | Killed a seven-headed hydra
 17954 | Lair:3   | Reached skill level 5 in Conjurations
 17972 | Lair:3   | Reached skill level 13 in Hexes
 18143 | Lair:3   | Found a staircase to the Swamp.
 18287 | Lair:3   | You fall through a shaft!
 18735 | Lair:4   | Reached skill level 5 in Evocations
 18805 | Lair:4   | Reached skill level 10 in Spellcasting
 18805 | Lair:4   | Reached XP level 13. HP: 43/65 MP: 18/28
 19195 | Lair:4   | Noticed Nessos
 19222 | Lair:4   | Killed Nessos
 20056 | Lair:5   | Noticed Snorg
 20379 | Lair:5   | Reached skill level 1 in Throwing
 20515 | Lair:5   | Killed Snorg
 20857 | Lair:5   | Found a runed door.
 20857 | Lair:5   | Found a viscous altar of Jiyva.
 20857 | Lair:5   | Found a staircase to the Slime Pits.
 20857 | Lair:5   | Noticed an acid blob
 20857 | Lair:5   | Noticed an acid blob
 20990 | Lair:6   | Entered Level 6 of the Lair of Beasts
 21577 | Lair:6   | Reached skill level 14 in Hexes
 21585 | Lair:6   | Found a burning altar of Makhleb.
 21821 | Lair:6   | Noticed a dire elephant
 21980 | Lair:6   | Found a gateway to Hell.
 22100 | Lair:6   | Killed a dire elephant
 22100 | Lair:6   | Reached skill level 10 in Short Blades
 22160 | Lair:6   | Reached XP level 14. HP: 69/72 MP: 29/29
 22899 | Lair:6   | HP: 1/72 [death yak (18)]
 23555 | Lair:2   | Killed tstbtto's ghost
 23674 | D:12     | Bought a scroll of identify for 30 gold pieces
 23674 | D:12     | Bought a scroll of identify for 30 gold pieces
 23674 | D:12     | Bought a scroll of identify for 30 gold pieces
 23674 | D:12     | Bought a scroll of identify for 30 gold pieces
 23674 | D:12     | Bought a scroll of identify for 30 gold pieces
 23674 | D:12     | Bought a scroll of teleportation for 45 gold pieces
 23684 | D:12     | Gained mutation: You possess an exceptional clarity of mind. [potion of mutation]
 23684 | D:12     | Gained mutation: Your spells are a little easier to cast, but a little less powerful. [potion of mutation]
 23684 | D:12     | Gained mutation: You have a somewhat thin skeletal structure. (Dex +2, Stealth) [potion of mutation]
 23760 | Orc:1    | Entered Level 1 of the Orcish Mines
 23760 | Orc:1    | Noticed an orc warlord
 24149 | D:12     | Killed an orc warlord
 24149 | D:12     | Reached skill level 1 in Translocations
 24662 | Orc:2    | Entered Level 2 of the Orcish Mines
 25231 | Orc:2    | Found Nuompar's Distillery.
 25231 | Orc:2    | Found Pafoliaw's Assorted Antiques.
 25231 | Orc:2    | Found Nazxoal's Jewellery Shop.
 25236 | Orc:2    | Found Jocs's Magic Scroll Shop.
 25241 | Orc:2    | Bought a pitted steel ring for 170 gold pieces
 25241 | Orc:2    | Identified the ring "Etaunil" {rF+ Stlth-} (You bought it in a shop on level 2 of the Orcish Mines)
 25531 | Orc:2    | Reached skill level 15 in Hexes
 25605 | Orc:2    | Found a staircase to the Elven Halls.
 26102 | Orc:2    | Noticed a stone giant
 26108 | Orc:2    | Killed a stone giant
 26759 | Orc:1    | Found a roughly hewn altar of Beogh.
 27071 | Orc:2    | Bought a scroll of blinking for 90 gold pieces
 27071 | Orc:2    | Bought a scroll of blinking for 90 gold pieces
 27071 | Orc:2    | Bought a scroll of blinking for 90 gold pieces
 27071 | Orc:2    | Bought a scroll of identify for 24 gold pieces
 27073 | Orc:2    | Bought 2 potions of curing for 78 gold pieces
 27073 | Orc:2    | Bought a potion of curing for 39 gold pieces
 27073 | Orc:2    | Bought a potion of curing for 39 gold pieces
 27351 | D:4      | Bought a +1 buckler of protection for 198 gold pieces
 28117 | D:13     | Reached skill level 1 in Shields
 28559 | D:14     | Found a labyrinth entrance.
 28571 | Lab      | Entered a labyrinth
 31879 | Lab      | Reached XP level 15. HP: 75/75 MP: 31/31
 32009 | Lab      | Got a smoking ivory ring
 32018 | Lab      | Identified the ring "Urgheefop" {*Confuse rF+++ rN+++ MR+ Slay+5} (You found it in a labyrinth)
 32333 | D:14     | Found a gate to the Vaults.
 32652 | D:14     | Found Huink's Distillery.
 32901 | D:14     | Found a glowing golden altar of the Shining One.
 33136 | D:15     | Entered Level 15 of the Dungeon
 33421 | D:15     | Found a staircase to the Depths.
 34490 | D:15     | Noticed Agnes
 34686 | D:14     | Reached skill level 5 in Throwing
 34945 | Snake:1  | Entered Level 1 of the Snake Pit
 35148 | D:12     | Bought the ring of Cowardice {rPois rF+ MP+9 Str+3 Dex+4} for 779 gold pieces
 35301 | Snake:1  | Reached skill level 5 in Translocations
 35856 | Snake:1  | Noticed Rupert
 35901 | Snake:1  | Killed Rupert
 36376 | Snake:1  | Reached skill level 16 in Hexes
 36734 | Snake:1  | Reached skill level 15 in Stealth
 36958 | Snake:2  | Noticed Vashnia
 36959 | Snake:2  | Found a frozen archway.
 37009 | Snake:2  | Shot with a bolt by Vashnia

Vault maps used:
D:1:      scummos_arrival_checkerplants, st_stairs_13,
          minmay_misc_feat_four_crosses, nemelex_xobeh_ov_fountains_minmay
D:2:      first_bread, uniq_terence
D:3:      lemuel_castle_with_subvaults, kennysheep_vampire_church
D:4:      gammafunk_temple_overflow_elements, serial_shops, shop,
          nicolae_shop_statue_plus, fedhas_altar_1
D:5:      kennysheep_little_box
D:6:      temple_pool_a
D:9:      uniq_joseph
D:10:     hangedman_fish_farm
D:11:     lair_0_dummy, hangedman_decor_riveting
D:12:     orc_david_3
D:14:     david_vaults_4, lab_entry_generic, nicolae_tso_carved_into_rock,
          serial_shops, kennysheep_mini
D:15:     gammafunk_depths_entry_grave, grunt_decor_arrowhead, uniq_agnes
Temple:   nicolae_temple_no_exploring_needed
Lair:1:   beast_lair_carwin_8, infiniplex_staircase_pool, uniq_erica,
          uniq_nergalle, uniq_harold
Lair:2:   dummy_snake_entry
Lair:3:   minmay_swamp_entry_swarm, st_stairs_5, minivault_24
Lair:4:   uniq_nessos
Lair:5:   slime_altar_2, uniq_snorg
Lair:6:   evil_forest, grunt_megastairs_4, serial_bayou_shore_b
Snake:1:  uniq_rupert
Snake:2:  portal_ice_cave_entry_pillars_four, basic_altar, uniq_aizul,
          uniq_vashnia
Orc:1:    basic_altar, minmay_orc_barracks
Orc:2:    st_orc_mages
Lab:      labyrinth_hidden_loot, nicolae_lab_swirl, lab_block

Skill      XL: |  1  2  3  4  5  6  7  8  9 10 11 12 13 14 15 |
---------------+----------------------------------------------+-----
Spellcasting   | 3 4 5 6 7 8 9 10 11 | 11.7
Hexes          | 4 5 6 7 9 10 12 13 14 15 16 | 16.0
Stealth        | 5 6 7 8 9 10 11 12 13 14 15 | 15.0
Fighting       | 1 2 3 4 5 6 7 8 |  8.0
Short Blades   | 2 3 5 6 8 10 11 | 11.0
Dodging        | 4 5 6 7 8 9 10 11 12 13 14 | 14.0
Conjurations   | 2 3 4 5 6 |  6.9
Evocations     | 2 5 6 7 8 |  8.9
Throwing       | 2 4 5 |  5.5
Translocations | 3 5 |  5.6
Shields        | 1 3 |  3.6

Action                   |  1- 3 |  4- 6 |  7- 9 | 10-12 | 13-15 || total
-------------------------+-------+-------+-------+-------+-------++-------
Melee: Dagger            |   121 |   363 |   441 |   468 |       ||  1393
       Quick blade       |       |       |       |   643 |  2279 ||  2922
 Fire: Blowgun           |       |       |       |       |     1 ||     1
 Cast: Corona            |    10 |       |       |       |       ||    10
       Ensorcelled Hiber |    12 |    63 |    24 |    18 |    11 ||   128
       Confuse           |       |    23 |    87 |   197 |   374 ||   681
       Dazzling Spray    |       |       |       |    15 |   103 ||   118
Invok: Call Merchant     |       |       |       |       |     5 ||     5
Evoke: Wand              |       |     2 |       |       |       ||     2
  Use: Scroll            |       |     6 |       |    21 |    18 ||    45
       Potion            |       |     2 |       |     1 |     2 ||     5
 Stab: Sleeping          |    18 |    45 |    45 |    47 |    65 ||   220
       Confused          |       |     9 |    61 |   151 |   264 ||   485
       Distracted        |       |     1 |     3 |     4 |    17 ||    25
       Invisible         |       |       |       |     2 |    49 ||    51
  Eat: Bread ration      |       |     1 |     2 |     2 |     3 ||     8
       Pizza             |       |       |       |     1 |       ||     1
Armor: Robe              |    16 |    42 |     7 |    43 |    61 ||   169
Dodge: Dodged            |    95 |   364 |   254 |   472 |  1006 ||  2191
Block: Buckler           |       |       |       |       |    44 ||    44
       Other             |       |       |       |       |    11 ||    11
       Reflection        |       |       |       |       |    11 ||    11
